 Dungeon Crawl Stone Soup version 0.29.1-4-g47bece8355 (webtiles) character file.

Game seed: 14245324160003265320

496 iamoutofideas the Cleaver (level 7, 0/84 HPs)
             Began as a Hill Orc Gladiator on Dec 8, 2022.
             Was an Initiate of Makhleb.
             Slain by a killer bee (7 damage)
             ... on level 7 of the Dungeon.
             The game lasted 00:04:00 (5053 turns).

iamoutofideas the Cleaver (Hill Orc Gladiator)      Turns: 5053, Time: 00:04:01

Health: 0/84       AC: 23    Str: 19    XL:     7   Next: 15%
Magic:  7/7        EV:  2    Int:  8    God:    Makhleb [......]
Gold:   263        SH:  0    Dex: 12    Spells: 6/6 levels left

rFire   + . .      SeeInvis .   a - +0 war axe
rCold   . . .      Faith    .   (no shield)
rNeg    . . .      Spirit   .   (body armour currently unavailable)
rPois   +          Reflect  .   (helmet currently unavailable)
rElec   .          Harm     .   (cloak currently unavailable)
rCorr   .          Rampage  .   (gloves currently unavailable)
Will    .....      NoTele   +   (boots currently unavailable)
Stlth   +.........              (no amulet)
HPRegen 0.24/turn               l - ring of protection from fire
MPRegen 0.10/turn               (no ring)

@: lethally poisoned (0 -> -18), tree-form
A: stationary, stasis, torment immunity, boosted hp
a: Renounce Religion


You were on level 7 of the Dungeon.
You worshipped Makhleb.
Makhleb was noncommittal.
You were a tree.
You visited 2 branches of the dungeon, and saw 8 of its levels.

You collected 263 gold pieces.

Inventory:

Hand Weapons
 a - a +0 war axe (weapon)
Missiles
 d - 3 throwing nets (quivered)
 e - a javelin
Armour
 c - a +0 helmet (melded)
 h - a +0 plate armour (melded)
Jewellery
 l - a ring of protection from fire (left branch)
Scrolls
 b - a scroll of fear {unknown}
 g - 2 scrolls of poison
 k - a scroll of amnesia {unknown}
 m - 2 scrolls of enchant weapon
 o - 2 scrolls of blinking
 u - a scroll of enchant armour {unknown}


   Skills:
 - Level 2.4 Fighting
 + Level 10.4 Axes
 - Level 1.7 Throwing
 - Level 2.4 Dodging


You had 6 spell levels left.
You didn't know any spells.
Your spell library contained the following spells:

 Spells                   Type           Power      Damage    Failure   Level
 Necrotise                Necr           0%         1d4       41%         1
 Vampiric Draining        Necr           0%         2d6       78%         3
 Agony                    Necr           0%         N/A       100%        5


Dungeon Overview and Level Annotations

Branches:
Dungeon (8/15)             Temple (1/1) D:4
   Lair: D:8-11

Altars:
Cheibriados
Dithmenos
Elyvilon
Fedhas
Gozag
Hepliaklqana
Makhleb
Nemelex Xobeh
Qazlal
Ru
Sif Muna
Trog
Vehumet

Annotations:
D:4 1 runed translucent door, gdog's ghost, novice GnDe


Message History

You miss the killer bee.
The killer bee is moderately wounded.
You hit the killer bee but do no damage.
You closely miss the killer bee.
You feel very sick.
The killer bee stings you but does no damage.
The killer bee stings you.
You are lethally poisoned!
The killer bee poisons you!
The killer bee stings you but does no damage.
The killer bee completely misses you. The killer bee stings you.
The killer bee stings you but does no damage.
Unknown command.
You hit the killer bee.
The killer bee is almost dead.
You hit the killer bee. You miss the killer bee.
* * * LOW HITPOINT WARNING * * *
You feel very sick.
The killer bee barely misses you. x2; The killer bee closely misses you.
The killer bee barely misses you. The killer bee stings you.
* * * LOW HITPOINT WARNING * * *
You are more poisoned.
The killer bee poisons you! The killer bee barely misses you.
Unknown command.
It was a potion of lignification.
You turn into a tree.
Your +0 helmet melds into your body.
Your +0 plate armour melds into your body.
Your roots penetrate the ground.
You feel strangely stable.
* * * LOW HITPOINT WARNING * * *
You feel extremely sick.
The killer bee stings you but does no damage. x6
Unknown command.
You closely miss the killer bee.
The killer bee is moderately wounded.
You closely miss the killer bee. You barely miss the killer bee.
* * * LOW HITPOINT WARNING * * *
You feel very sick.
The killer bee stings you but does no damage. x2
The killer bee stings you!
You die...

###.#### .......#
.......# .......#
.......#
.......### ####
.........#### #..
.......#....## #y#
###########..###♣#
##...yy# ####.y.#
##..# #..'.
..##... 5## ....
..~~ ~♣# . ...
..~~ .~# .. ..#


You could see 4 killer bees and a shadow imp.

Vanquished Creatures
  Grinder (D:4)
  An orc priest (D:3)
  A gnoll bouda (D:8)
  2 orc wizards (D:3)
  4 gnolls
  4 adders
  A shadow imp (D:7)
  2 white imps (D:7)
  5 worms
  A dart slug (D:2)
  16 orcs
  3 ball pythons
  4 endoplasms (D:1)
  A giant cockroach (D:2)
  3 goblins
  6 hobgoblins
  3 jackals (D:3)
  5 quokkas
  8 bats
  2 frilled lizards (D:2)
  8 kobolds
  4 rats
85 creatures vanquished.

Vanquished Creatures (others)
  3 demonic plants (D:7)
3 creatures vanquished.

Grand Total: 88 creatures vanquished

Notes
Turn   | Place    | Note
-------+----------+-------------------------------------------
     0 | D:1      | iamoutofideas the Hill Orc Gladiator began the quest for
                  | the Orb.
     0 | D:1      | Reached XP level 1. HP: 18/18 MP: 1/1
   255 | D:1      | Reached XP level 2. HP: 24/25 MP: 2/2
   343 | D:1      | Reached skill level 5 in Axes
   991 | D:1      | Reached XP level 3. HP: 25/30 MP: 3/3
  1554 | D:2      | Reached skill level 6 in Axes
  1793 | D:2      | Reached XP level 4. HP: 35/37 MP: 4/4
  2302 | D:3      | Reached skill level 7 in Axes
  2302 | D:3      | Reached XP level 5. HP: 18/42 MP: 5/5
  2746 | D:3      | Found a faded altar of an unknown god.
  2883 | D:3      | Reached skill level 8 in Axes
  3639 | D:4      | Noticed Grinder
  3901 | D:4      | Paralysed by Grinder for 4 turns
  3905 | D:4      | Killed Grinder
  3906 | D:4      | Reached skill level 9 in Axes
  3906 | D:4      | Reached XP level 6. HP: 17/50 MP: 6/6
  4139 | D:4      | Found a staircase to the Ecumenical Temple.
  4160 | Temple   | Entered the Ecumenical Temple
  4229 | Temple   | Became a worshipper of Makhleb the Destroyer
  4485 | D:4      | Found a runed translucent door.
  4487 | D:4      | Noticed gdog's ghost (novice GnDe)
  4548 | D:5      | Entered Level 5 of the Dungeon
  4548 | D:5      | You fall into a shaft and drop 2 floors!
  4558 | D:7      | Noticed an orc warrior
  4566 | D:7      | Reached skill level 10 in Axes
  4772 | D:8      | Reached XP level 7. HP: 29/56 MP: 7/7
  5053 | D:7      | Slain by a killer bee

Illustrated notes

Levels and vault maps discovered:
D:1:      denvon_arrival_waterhouse, layout_basic, corexii_corridor_pit,
          grunt_decor_mini_mirrors, kennysheep_pointless_box
D:2:      layout_loops_ring
D:3:      layout_basic, basic_ecumenical_altar
D:4:      layout_basic, nicolae_tso_carved_into_rock, minmay_temple_entry_tees,
          ebering_ghost_reflecting_pool, uniq_crazy_yiuf_cottage, uniq_grinder
D:5:      layout_loops_ring, zin_academy, xom_redecorated
D:7:      layout_basic, okawaru_ov_weapons_minmay, serial_demonic,
          serial_demonic_e, serial_demonic_b, serial_demonic_g,
          serial_demonic_f, serial_demonic_c, uniq_pikel
D:8:      layout_cave_pools, mainiacjoe_overflow_large_starburst, serial_shops,
          shop
Temple:   cyrus_circular_temple

Skill      XL: |  1  2  3  4  5  6 |
---------------+-------------------+-----
Axes           | 5 6 7 9 10 | 10.4
Fighting       | |  2.4
Throwing       | |  1.7
Dodging        | |  2.4

Action                   |  1- 3 |  4- 6 |  7- 9 || total
-------------------------+-------+-------+-------++-------
Melee: War axe           |   123 |   170 |    22 ||   315
       Punch             |     1 |     1 |     1 ||     3
  Use: Potion            |       |     4 |     4 ||     8
       Scroll            |       |     6 |     1 ||     7
Armor: Leather armour    |    51 |       |       ||    51
       Ring mail         |     1 |    70 |       ||    71
       Plate armour      |       |    19 |    25 ||    44
       Skin              |       |       |     8 ||     8
Dodge: Dodged            |   114 |    99 |    18 ||   231
